 Dungeon Crawl Stone Soup version 0.31.0-12-g77e489cdc1 (webtiles) character file.

Game seed: 13611831079638062521

38190 Ashen the Grappler (level 13, -4/133 HPs)
             Began as a Troll Shapeshifter on Feb 12, 2024.
             Was a High Priest of Wu Jian.
             Slain by a seven-headed hydra (15 damage)
             ... on level 4 of the Lair of Beasts.
             The game lasted 00:38:21 (13904 turns).

Ashen the Grappler (Troll Shapeshifter)            Turns: 13904, Time: 00:38:22

Health: -4/133     AC:  3    Str: 25    XL:     13   Next: 62%
Magic:  12/12      EV: 18    Int:  6    God:    Wu Jian [*****.]
Gold:   830        SH:  0    Dex: 13    Spells: 12/12 levels left

rFire   . .          .
                       - Unarmed
rCold   . . .        (shield currently unavailable)
rNeg    . . .        I - +0 troll leather armour
rPois   .            (helmet restricted)
rElec   .            t - +0 cloak
rCorr   .            (gloves unavailable)
SInv    +            (boots unavailable)
Will    .....        A - amulet of Vitality {RegenMP++ Regen++}
Stlth   +            B - +5 ring of evasion
HPRegen 3.62/turn    M - ring of see invisible
MPRegen 0.93/turn

%: no passive effects
@: blade hands
A: large, unfitting armour, (claws 3), regeneration 1, shaggy fur 1, tough skin
1
a: Begin Untransformation, Renounce Religion, Wall Jump, Serpent's Lash,
Heavenly Storm


You were on level 4 of the Lair of Beasts.
You worshipped Wu Jian.
Wu Jian was extremely pleased with you.
You had blades for hands.
You visited 3 branches of the dungeon, and saw 16 of its levels.

You collected 1040 gold pieces.
You spent 210 gold pieces at shops.

Inventory:

Missiles
 C - a throwing net (quivered)
Armour
 a - a +0 animal skin
 t - a +0 cloak (worn)
 I - a +0 troll leather armour (worn)
Jewellery
 A - the amulet of Vitality (around neck) {RegenMP++ Regen++}
   (You found it on level 5 of the Dungeon)

   [amulet of magic regeneration]

   RegenMP:   It increases your rate of magic regeneration.
   Regen++:   It increases your rate of health regeneration.
 B - a +5 ring of evasion (left blade hand)
 F - an amulet of magic regeneration
 K - a ring of flight
 M - a ring of see invisible (right blade hand)
Talismans
 c - a beast talisman
 d - a flux talisman
 O - a blade talisman (active)
Wands
 q - a wand of flame (70)
 r - a wand of light (13)
 u - a wand of iceblast (3)
 D - a wand of mindburst (19)
 H - a wand of polymorph (9)
 J - a wand of charming (2)
Scrolls
 e - 3 scrolls of teleportation {unknown}
 h - 2 scrolls of enchant armour {unknown}
 k - 13 scrolls of identify {unknown}
 l - 2 scrolls of silence {unknown}
 m - 4 scrolls of fear {unknown}
 o - 4 scrolls of blinking
 s - 3 scrolls of amnesia {unknown}
 v - 4 scrolls of fog {unknown}
 x - a scroll of torment {unknown}
 y - 4 scrolls of poison
 E - 2 scrolls of summoning
 N - 2 scrolls of enchant weapon {unknown}
Potions
 b - 3 potions of lignification
 f - 2 potions of mutation {unknown}
 g - 7 potions of curing
 i - 5 potions of attraction {unknown}
 j - 2 potions of resistance {unknown}
 n - 3 potions of brilliance {unknown}
 p - 7 potions of degeneration {unknown}
 w - 3 potions of haste {unknown}
 z - 2 potions of might {unknown}
 G - 4 potions of heal wounds {unknown}
 L - a potion of magic {unknown}


   Skills:
 + Level 10.2 Fighting
 + Level 10.3 Dodging
 + Level 12.4 Unarmed Combat
 + Level 11.5 Shapeshifting


You had 12 spell levels left.
You didn't know any spells.
Your spell library contained the following spells:

 Spells                   Type           Power      Damage    Failure   Level
 Sting                    Conj/Alch      0%         1d3       50%         1
 Mercury Vapours          Alch/Air       0%         N/A       65%         2
 Dazzling Flash           Conj/Hex       0%         N/A       86%         3
 Frozen Ramparts          Ice            0%         1d1       86%         3
 Mephitic Cloud           Conj/Alch/Air  0%         N/A       86%         3
 Tukima's Dance           Hex            0%         N/A       86%         3
 Volatile Blastmotes      Fire/Tloc      0%         2d10      86%         3
 Leda's Liquefaction      Alch/Erth      0%         N/A       99%         4
 Olgreb's Toxic Radiance  Alch           0%         N/A       99%         4
 Passage of Golubria      Tloc           0%         N/A       99%         4
 Petrify                  Alch/Erth      0%         N/A       99%         4
 Curse of Agony           Necr           0%         N/A       100%        5
 Lee's Rapid Deconstruct  Erth           0%         3d4*      100%        5
 Metabolic Englaciation   Hex/Ice        0%         N/A       100%        5
 Silence                  Hex/Air        0%         N/A       100%        5
 Yara's Violent Unravell  Hex/Alch       0%         3d3       100%        5
 Bombard                  Conj/Erth      0%         9d1       100%        6
 Starburst                Conj/Fire      0%         6d3       100%        6
 Malign Gateway           Summ/Tloc      0%         N/A       100%        7
 Maxwell's Capacitive Co  Air            0%         ∞         100%        8
 Summon Horrible Things   Summ           0%         N/A       100%        8
 Chain Lightning          Conj/Air       0%         N/A       100%        9
 Fire Storm               Conj/Fire      0%         5d1       100%        9
 Shatter                  Erth           0%         3d5*      100%        9


Dungeon Overview and Level Annotations

Branches:
Dungeon (10/15)            Temple (1/1) D:7            Lair (5/5) D:10
  Swamp (0/4) Lair:3       Spider (0/4) Lair:2
  Slime: Lair:4-5       Orc: D:9-12

Altars:
Ashenzari
Cheibriados
Dithmenos
Elyvilon
Fedhas
Gozag
Hepliaklqana
Kikubaaqudgha
Makhleb
Nemelex Xobeh
Okawaru
Qazlal
Ru
Sif Muna
Trog
Uskayaw
Vehumet
Wu Jian
Xom
Yredelemnul
Zin
The Shining One

Shops:
D:1 (   D:6 *

Annotations:
Lair:1 3 runed translucent doors, Ceckukk's ghost, journeyman GrEE


Innate Abilities, Weirdness & Mutations

You have blades for hands.
You are incapable of wielding weapons or throwing items.
You are too large for most types of armour.
((You have claws for hands.))
Your natural rate of healing is unusually fast.
You are covered in fur. (AC +1)
You have tough skin. (AC +1)


Message History

The blink frog blinks! x2; The blink frog hits you!
The blink frog blinks! x3
The seven-headed hydra barely misses you.
The seven-headed hydra completely misses you.
The seven-headed hydra closely misses you.
The seven-headed hydra bites you but does no damage.
The seven-headed hydra bites you! x3; The blink frog blinks!
There is a stone staircase leading up, spattered with blood here.
Unknown command.
The elephant trumpets!
You hear a deafening roar!
The blink frog blinks!
The blink frog misses you.
The seven-headed hydra closely misses you.
The seven-headed hydra bites you!
The seven-headed hydra completely misses you.
The seven-headed hydra bites you!
The seven-headed hydra closely misses you.
The seven-headed hydra barely misses you.
The seven-headed hydra bites you.
The blink frog blinks!
The blink frog hits you!
You climb upwards.
There is a stone staircase leading down here.
You spin and attack the blink frog.
You closely miss the blink frog.
The blink frog blinks!
The seven-headed hydra attacks as it pursues you!
The seven-headed hydra bites you.
The seven-headed hydra barely misses you.
The seven-headed hydra closely misses you. x2
The seven-headed hydra bites you! The seven-headed hydra bites you.
The seven-headed hydra bites you!
* * * LOW HITPOINT WARNING * * *
The blink frog blinks!
Aiming: Wall Jump
Press: ? - help, Dir - move target The seven-headed hydra bites you!
* * * LOW HITPOINT WARNING * * *
The seven-headed hydra misses you. The seven-headed hydra bites you!
* * * LOW HITPOINT WARNING * * *
The seven-headed hydra bites you!
* * * LOW HITPOINT WARNING * * *
The seven-headed hydra bites you!
You die...

..##......###.....P..#.....<.# ##
...........##...............####.
..##.......##................P#..
....##..#..##...#............###.
..#######.##....#####.#P.....# ##
..###..##...#...#P.#P.#.....P# #.
............................####.
...............°○○...........#P##
...............○@D.§....[........
...............°○○.>.............
....................†............
.............................P##.
...............F####..##....#####
...###.###......# ##...##....####
...####..##P....###...###...###..
...##.....##....##.....#...P###..
...#......#.....###<...##...P#...


You could see a seven-headed hydra and a blink frog.

Vanquished Creatures
  A hydra (Lair:1)
  A boulder beetle (D:10)
  A catoblepas (Lair:1)
  A two-headed ogre (D:10)
  2 skysharks
  Pikel (D:8)
  An oklob plant (Lair:3)
  A cyclops (D:10)
  An ugly thing (D:10)
  A black mamba (Lair:1)
  16 elephants
  A torpor snail (Lair:1)
  9 cane toads
  A gargoyle (D:10)
  2 rime drakes
  An unseen horror (D:10)
  Jeremiah (D:6)
  7 komodo dragons
  A tengu conjurer (D:10)
  3 polar bears
  8 trolls
  A tyrant leech (Lair:2)
  A hornet (D:9)
  16 blink frogs
  Sigmund (D:2)
  A slime creature (D:10)
  6 wyverns
  2 wraiths (D:10)
  35 yaks
  Grum (D:8)
  5 basilisks
  A redback (Lair:2)
  7 vampire mosquitoes
  A steam dragon (D:10)
  Menkaure (D:4)
  2 swamp worms (Lair:3)
  Duvessa (D:4)
  9 water moccasins
  An acid dragon (D:10)
  2 ice beasts (D:6)
  5 orc warriors
  A black bear (Lair:1)
  A sky beast (D:7)
  3 ogres
  2 centaurs
  11 wolves
  A lemure (D:8)
  2 kobold brigands
  11 bullfrogs
  2 gnoll sergeants
  4 scorpions
  15 wights
  8 killer bees
  Dowan (D:4)
  An electric eel (Lair:1)
  A bombardier beetle (D:4)
  3 howler monkeys
  5 hounds
  2 jellies
  3 orc priests
  3 gnoll boudas
  Crazy Yiuf (D:4)
  Terence (D:2)
  10 orc wizards
  Natasha (thrice) (D:3)
  16 gnolls
  2 adders
  A white imp (D:7)
  2 ufetubi (D:6)
  4 ribbon worms
  A dart slug (D:3)
  18 orcs
  8 ball pythons
  3 endoplasms
  5 giant cockroaches
  8 goblins
  4 hobgoblins
  3 quokkas
  3 bats
  A frilled lizard (D:3)
  18 kobolds
  A rat (D:3)
353 creatures vanquished.

Notes
Turn   | Place    | Note
-------+----------+-------------------------------------------
     0 | D:1      | Ashen the Troll Shapeshifter began the quest for the Orb.
     0 | D:1      | Reached XP level 1. HP: 18/18 MP: 0/0
   100 | D:1      | Reached skill level 1 in Fighting
   208 | D:1      | Reached XP level 2. HP: 27/27 MP: 1/1
   396 | D:1      | Found Fodghacwo's Antique Weapon Emporium.
   836 | D:2      | Noticed Sigmund
   844 | D:2      | Killed Sigmund
   845 | D:2      | Reached skill level 4 in Unarmed Combat
   845 | D:2      | Reached XP level 3. HP: 22/35 MP: 2/2
   845 | D:2      | Reached XP level 4. HP: 27/42 MP: 3/3
   845 | D:2      | Reached XP level 5. HP: 31/49 MP: 4/4
  1466 | D:2      | Noticed Terence
  1481 | D:2      | Killed Terence
  1624 | D:3      | Found an opulent altar of Gozag.
  1625 | D:3      | Found a sacrificial altar of Ru.
  1632 | D:3      | Found a shimmering altar of Xom.
  1632 | D:3      | Noticed Natasha
  1727 | D:3      | Found a shimmering blue altar of Sif Muna.
  1745 | D:3      | Reached XP level 6. HP: 20/59 MP: 5/5
  2078 | D:4      | Noticed Duvessa
  2078 | D:4      | Noticed Dowan
  2249 | D:3      | Found a sacrificial altar of Ru.
  2249 | D:3      | Found a shimmering blue altar of Sif Muna.
  2250 | D:3      | Found an opulent altar of Gozag.
  2266 | D:3      | Killed Natasha
  2296 | D:3      | Found a shimmering altar of Xom.
  2431 | D:3      | Noticed Natasha
  2438 | D:3      | Killed Natasha
  2508 | D:3      | Noticed Natasha
  2509 | D:3      | Found a sacrificial altar of Ru.
  2509 | D:3      | Found a shimmering blue altar of Sif Muna.
  2510 | D:3      | Found an opulent altar of Gozag.
  2516 | D:3      | Killed Natasha
  2532 | D:3      | Found a shimmering altar of Xom.
  3009 | D:4      | Reached XP level 7. HP: 65/67 MP: 6/6
  3292 | D:4      | Noticed Menkaure
  3297 | D:4      | Killed Menkaure
  3298 | D:4      | Reached skill level 5 in Unarmed Combat
  3529 | D:4      | Found a runed translucent door.
  3530 | D:4      | Noticed Crazy Yiuf
  3538 | D:4      | Killed Crazy Yiuf
  3943 | D:4      | Killed Duvessa
  3944 | D:4      | Reached skill level 5 in Shapeshifting
  3949 | D:4      | Killed Dowan
  3985 | D:5      | Entered Level 5 of the Dungeon
  4029 | D:5      | Reached XP level 8. HP: 42/78 MP: 7/7
  4066 | D:5      | You fall into a shaft and drop 2 floors!
  4262 | D:7      | Reached skill level 6 in Unarmed Combat
  4367 | D:7      | Found a staircase to the Ecumenical Temple.
  4376 | Temple   | Entered the Ecumenical Temple
  4509 | Temple   | Became a worshipper of the Wu Jian Council
  4789 | D:5      | Found the amulet of Vitality {RegenMP++ Regen++}
  4814 | D:5      | Reached skill level 5 in Dodging
  4861 | D:5      | Found a burning altar of Makhleb.
  4861 | D:5      | Found a hide-covered altar of Uskayaw.
  4869 | D:5      | Found an iron altar of Okawaru.
  4871 | D:5      | Found a faded altar of an unknown god.
  4873 | D:5      | Found a sparkling altar of Nemelex Xobeh.
  4998 | D:5      | Found a blossoming altar of Fedhas.
  5236 | D:6      | Found Boguuphamae's General Store.
  5244 | D:6      | Bought a scroll of blinking for 75 gold pieces
  5244 | D:6      | Bought a scroll of summoning for 95 gold pieces
  5244 | D:6      | Bought a scroll of poison for 40 gold pieces
  5298 | D:6      | Reached XP level 9. HP: 78/87 MP: 8/8
  5315 | D:6      | Reached skill level 5 in Fighting
  5604 | D:6      | Reached * piety under Wu Jian
  5642 | D:6      | Noticed Jeremiah
  5692 | D:6      | Killed Jeremiah
  5693 | D:6      | Reached skill level 7 in Unarmed Combat
  6532 | D:8      | Reached XP level 10. HP: 91/98 MP: 9/9
  6562 | D:8      | Noticed Pikel
  6595 | D:8      | Killed Pikel
  6596 | D:8      | Reached skill level 8 in Unarmed Combat
  6615 | D:8      | Reached ** piety under Wu Jian
  7062 | D:8      | Noticed Grum
  7070 | D:8      | Killed Grum
  7763 | D:9      | Reached skill level 9 in Unarmed Combat
  7916 | D:9      | Reached *** piety under Wu Jian
  8032 | D:9      | Reached XP level 11. HP: 90/108 MP: 10/10
  8823 | D:10     | Entered Level 10 of the Dungeon
  8909 | D:10     | Noticed a two-headed ogre
  8915 | D:10     | Noticed a cyan ugly thing
  8926 | D:10     | Killed a two-headed ogre
  8940 | D:10     | Killed a brown ugly thing
  9075 | D:10     | Reached skill level 10 in Unarmed Combat
  9084 | D:10     | Identified the +5 war axe of Uncertain Death {venom, Fly
                  | Will+}
  9265 | D:10     | Reached **** piety under Wu Jian
  9457 | D:10     | Noticed a boulder beetle
  9492 | D:10     | Killed a boulder beetle
  9651 | D:10     | Reached XP level 12. HP: 104/122 MP: 11/11
  9763 | D:10     | Found a staircase to the Lair.
  9770 | Lair:1   | Entered Level 1 of the Lair of Beasts
  9770 | Lair:1   | Noticed a catoblepas
  9783 | Lair:1   | Killed a catoblepas
  9936 | Lair:1   | Reached skill level 10 in Shapeshifting
  9980 | Lair:1   | Found a runed translucent gate.
  9980 | Lair:1   | Found a runed translucent gate.
  9980 | Lair:1   | Found a runed translucent gate.
 10036 | Lair:1   | Noticed Ceckukk's ghost (journeyman GrEE)
 10222 | Lair:1   | Reached skill level 11 in Unarmed Combat
 10656 | Lair:2   | Noticed an eight-headed hydra
 10670 | Lair:1   | Killed a ten-headed hydra
 11008 | Lair:2   | Found a hole to the Spider Nest.
 12006 | Lair:3   | Reached XP level 13. HP: 131/131 MP: 12/12
 12401 | Lair:3   | Found a staircase to the Swamp.
 12783 | Lair:4   | Identified the +8 flail "Vohush" {flame, rElec Dex+2}
 12909 | Lair:4   | Reached skill level 10 in Dodging
 12909 | Lair:4   | Reached skill level 12 in Unarmed Combat
 12999 | Lair:4   | Reached ***** piety under Wu Jian
 13010 | Lair:4   | Reached skill level 10 in Fighting
 13703 | Lair:5   | Entered Level 5 of the Lair of Beasts
 13904 | Lair:4   | Slain by a seven-headed hydra

Illustrated notes

Levels and vault maps discovered:
D:1:      ebering_trefoil_twist, layout_loops_ring, serial_shops, shop
D:2:      layout_basic, uniq_sigmund, uniq_terence
D:3:      layout_basic, nicolae_overflow_quartered_altars, uniq_natasha
D:4:      layout_basic, grunt_ministairs_2, uniq_crazy_yiuf_cottage,
          uniq_duvessa, uniq_menkaure
D:5:      layout_rooms, general_overflow_altar,
          chequers_temple_overflow_minitemple, minmay_misc_feat_four_crosses
D:6:      layout_basic, serial_shops, nicolae_shop_crystal, uniq_jeremiah
D:7:      layout_loops_cross, minmay_temple_entry_trees, st_stairs_13
D:8:      layout_layer_cave, uniq_pikel, uniq_grum
D:9:      lemuel_troll_bridge, layout_basic
D:10:     hangedman_cross_cluster, layout_gridville, lair_entry_dummy,
          lightli_fourway_metalbox
Temple:   compressed_dpeg_triangle_lava_temple
Lair:1:   layout_regular_city, gammafunk_ghost_icy, gammafunk_lair_bear_cave,
          infiniplex_staircase_pool
Lair:2:   layout_cave_pods, spider_nest_entry_webs, serial_bayou_shore_b
Lair:3:   layout_regular_city, palyth_hydra_swamp_entry, serial_forest,
          infiniplex_forest_clump_long, infiniplex_forest_straight_5,
          infiniplex_forest_lined_room_, infiniplex_forest_lined_corner,
          infiniplex_forest_clump_large, infiniplex_forest_clump_long,
          infiniplex_forest_join, chequers_serial_rivers_micro_c
Lair:4:   layout_regular_city
Lair:5:   wormcave, layout_layer_cave, hangedman_lair_caniforms_friends,
          slime_entry_2, lemuel_fruit_tree

Skill      XL: |  1  2  3  4  5  6  7  8  9 10 11 12 13 |
---------------+----------------------------------------+-----
Fighting       | 1 2 3 4 6 7 8 9 10 | 10.2
Dodging        | 2 3 4 5 6 7 8 9 10 | 10.3
Unarmed Combat | 4 5 6 7 9 10 11 12 | 12.4
Shapeshifting  | 4 5 6 7 8 9 10 11 | 11.5

Action                     |  1- 3 |  4- 6 |  7- 9 | 10-12 | 13-15 || total
---------------------------+-------+-------+-------+-------+-------++-------
  Melee: Unarmed           |    42 |   107 |   296 |   746 |   200 ||  1391
         Punch             |     1 |       |     3 |       |    22 ||    26
 Invoke: Serpent's Lash    |       |       |       |     1 |       ||     1
Ability: Lunge             |       |       |    19 |    37 |    13 ||    69
         Whirlwind         |       |       |       |    98 |    73 ||   171
         Wall Jump         |       |       |       |     1 |     2 ||     3
  Evoke: Wand              |       |       |       |     8 |     1 ||     9
    Use: Potion            |       |       |     1 |       |       ||     1
         Scroll            |       |       |       |       |     1 ||     1
 Armour: Animal skin       |    15 |    70 |   139 |       |       ||   224
         Skin              |       |       |    21 |   365 |    21 ||   407
         Troll leather arm |       |       |       |       |   109 ||   109
  Dodge: Dodged            |    11 |    53 |   160 |   652 |   128 ||  1004
   Form: Flux              |       |       |     1 |       |       ||     1
                           |       |       |       |     1 |       ||     1
         Blade             |       |       |       |       |     1 ||     1
